TOP OF THE 1ST |
Cedar Rapids Kernels batting - Pitching for Greenville Drive : RHP Cody Humphries
|
Pitching: RHP Cody Humphries
|
|
Batting: SHB Matt Urbani
|
0-0: Called Strike 0-1: Ball 1-1: Ground out 6-3 (Groundball, 4M, EV 99.4 MPH)
|
Batting: LHB Jon Ventura
|
0-0: Ball 1-0: Fly out, F8 (Flyball, 8LXD, EV 90.6 MPH)
|
Batting: RHB Ryan Gautney
|
0-0: Foul Ball, location: 2F 0-1: Called Strike 0-2: Ball 1-2: Ground out 6-3 (Groundball, 6, EV 86.9 MPH)
|
Top of the 1st over - 0 runs, 0 hits, 0 errors, 0 left on base; Cedar Rapids 0 - Greenville 0 |
BOTTOM OF THE 1ST |
Greenville Drive batting - Pitching for Cedar Rapids Kernels : RHP Tom Aagaard
|
Pitching: RHP Tom Aagaard
|
|
Batting: LHB Nelis Geurts
|
0-0: Swinging Strike 0-1: Ground out 4-3 (Groundball, 4, EV 87.5 MPH)
|
Batting: LHB Carlos Guerra
|
0-0: Ball 1-0: Swinging Strike 1-1: Ball 2-1: Fly out, F8 (Flyball, 89M, EV 84.4 MPH)
|
Batting: LHB Danny Montoya
|
0-0: Ball 1-0: Ball 2-0: Swinging Strike 2-1: Foul Ball, location: 2F 2-2: Strikes out swinging
|
Bottom of the 1st over - 0 runs, 0 hits, 0 errors, 0 left on base; Cedar Rapids 0 - Greenville 0 |
TOP OF THE 2ND |
Cedar Rapids Kernels batting - Pitching for Greenville Drive : RHP Cody Humphries
|
Batting: RHB Kevin Harris
|
0-0: DOUBLE (Line Drive, 9LS, EV 94.4 MPH)
|
Batting: RHB John Dew
|
0-0: Ball 1-0: Swinging Strike 1-1: Foul Ball, location: 2F 1-2: Foul Ball, location: 2F 1-2: Hit by Pitch
|
Batting: RHB Tony Crespo
|
0-0: Called Strike 0-1: Called Strike 0-2: Ball 1-2: Ball 2-2: Strikes out swinging
|
Batting: RHB Nick Phipps
|
0-0: Fielders Choice at 2nd, 5-4 (Groundball, 56, EV 92.5 MPH) Kevin Harris to third
|
Batting: RHB Rick Kendall
|
0-0: Ball 1-0: Ball 2-0: Swinging Strike 2-1: Ground out U3 (Groundball, 3, EV 80.0 MPH)
|
Top of the 2nd over - 0 runs, 1 hit, 0 errors, 2 left on base; Cedar Rapids 0 - Greenville 0 |
BOTTOM OF THE 2ND |
Greenville Drive batting - Pitching for Cedar Rapids Kernels : RHP Tom Aagaard
|
Batting: LHB John Criswell
|
0-0: Foul Ball, location: 2F 0-1: Called Strike 0-2: Foul Ball, location: 2F 0-2: Strikes out swinging
|
Batting: RHB Travis Campbell
|
0-0: Swinging Strike 0-1: Ball 1-1: DOUBLE (Line Drive, 78D, EV 104.4 MPH)
|
Batting: RHB Adugna Chandu
|
0-0: Called Strike 0-1: Called Strike 0-2: Ball 1-2: SINGLE (Flyball, 8LS, EV 99.4 MPH) Travis Campbell to third
|
Batting: LHB John Buff
|
0-0: Foul Ball, location: 2F 0-1: Ball 1-1: Foul Ball, location: 2F 1-2: Strikes out looking
|
Batting: RHB Paul Long
|
0-0: Ball 1-0: Ball 2-0: Ball Wild Pitch! Travis Campbell scores Adugna Chandu to second 3-0: Called Strike 3-1: Called Strike 3-2: Foul Ball, location: 2F 3-2: Ground out 6-3 (Groundball, 6, EV 82.5 MPH)
|
Bottom of the 2nd over - 1 run, 2 hits, 0 errors, 1 left on base; Cedar Rapids 0 - Greenville 1 |
TOP OF THE 3RD |
Cedar Rapids Kernels batting - Pitching for Greenville Drive : RHP Cody Humphries
|
Batting: RHB Aaron Elliott
|
0-0: Swinging Strike 0-1: Ball 1-1: Swinging Strike 1-2: Ball 2-2: Foul Ball, location: 2F 2-2: Foul Ball, location: 2F 2-2: Strikes out swinging
|
Batting: SHB Matt Urbani
|
0-0: Foul Ball, location: 2F 0-1: Ball 1-1: Foul Ball, location: 2F 1-2: Ball 2-2: Ball 3-2: Hit by Pitch
|
Batting: LHB Jon Ventura
|
0-0: Foul Ball, location: 2F 0-1: Ball 1-1: Swinging Strike 1-2: Foul Ball, location: 2F 1-2: Foul Ball, location: 2F 1-2: Strikes out swinging
|
Batting: RHB Ryan Gautney
|
0-0: Called Strike 0-1: Foul Ball, location: 2F 0-2: Ball 1-2: Foul Ball, location: 2F 1-2: Ball 2-2: Fielders Choice at 2nd, 6-4 (Groundball, 6, EV 91.2 MPH)
|
Top of the 3rd over - 0 runs, 0 hits, 0 errors, 1 left on base; Cedar Rapids 0 - Greenville 1 |
BOTTOM OF THE 3RD |
Greenville Drive batting - Pitching for Cedar Rapids Kernels : RHP Tom Aagaard
|
Batting: RHB Rogelio Cervantes
|
0-0: Ball 1-0: Ball 2-0: Called Strike 2-1: Ball 3-1: Foul Ball, location: 2F 3-2: Foul Ball, location: 2F 3-2: Base on Balls
|
Batting: LHB Nelis Geurts
|
0-0: Called Strike Rogelio Cervantes steals 2nd base 0-1: SINGLE (Groundball, 3D, EV 104.4 MPH) Rogelio Cervantes to third Runner from 3rd tries for Home, SAFE, throw by RF to home
|
Batting: LHB Carlos Guerra
|
0-0: Ball 1-0: Foul Ball, location: 2F 1-1: Called Strike 1-2: Foul Ball, location: 2F 1-2: Ball Wild Pitch! Nelis Geurts to second 2-2: Foul Ball, location: 2F 2-2: TRIPLE (Flyball, 8RXD, EV 95.0 MPH) Nelis Geurts scores
|
Batting: LHB Danny Montoya
|
0-0: Ball 1-0: Ball 2-0: SINGLE (Groundball, 34D, EV 97.5 MPH) Carlos Guerra scores
|
Batting: LHB John Criswell
|
0-0: Ball 1-0: Ball 2-0: Ball 3-0: Called Strike 3-1: Foul Ball, location: 2F 3-2: Foul Ball, location: 2F 3-2: Foul Ball, location: 2F 3-2: SINGLE (Groundball, 6MD, EV 100.6 MPH) Danny Montoya to second
|
Batting: RHB Travis Campbell
|
0-0: Called Strike 0-1: Called Strike 0-2: Fielders Choice at 2nd, 3-6 (Groundball, 34, EV 92.5 MPH) Danny Montoya to third
|
Batting: RHB Adugna Chandu
|
0-0: Ball 1-0: Ball 2-0: Swinging Strike 2-1: Foul Ball, location: 2F 2-2: Foul Ball, location: 2F 2-2: Strikes out swinging
|
Batting: LHB John Buff
|
0-0: Ball 1-0: Ball 2-0: Called Strike 2-1: Called Strike 2-2: Ball 3-2: Ground out 4-3 (Groundball, 4, EV 88.8 MPH)
|
Bottom of the 3rd over - 3 runs, 4 hits, 0 errors, 2 left on base; Cedar Rapids 0 - Greenville 4 |
TOP OF THE 4TH |
Cedar Rapids Kernels batting - Pitching for Greenville Drive : RHP Cody Humphries
|
Batting: RHB Kevin Harris
|
0-0: Ball 1-0: SINGLE (Line Drive, 4MD, EV 100.0 MPH)
|
Batting: RHB John Dew
|
0-0: Ball Kevin Harris is caught stealing 2nd base 2-4 1-0: Called Strike 1-1: Ball 2-1: Ground out 4-3 (Groundball, 4, EV 85.0 MPH)
|
Batting: RHB Tony Crespo
|
0-0: Called Strike 0-1: Ground out 6-3 (Groundball, 56, EV 85.6 MPH)
|
Top of the 4th over - 0 runs, 1 hit, 0 errors, 0 left on base; Cedar Rapids 0 - Greenville 4 |
BOTTOM OF THE 4TH |
Greenville Drive batting - Pitching for Cedar Rapids Kernels : RHP Tom Aagaard
|
Batting: RHB Paul Long
|
0-0: Ball 1-0: Ball 2-0: Ground out 5-3 (Groundball, 56, EV 103.1 MPH)
|
Batting: RHB Rogelio Cervantes
|
0-0: Ball 1-0: Called Strike 1-1: Called Strike 1-2: Ball 2-2: Foul Ball, location: 2F 2-2: Strikes out swinging
|
Batting: LHB Nelis Geurts
|
0-0: Called Strike 0-1: Hit by Pitch
|
Batting: LHB Carlos Guerra
|
0-0: Ball 1-0: Called Strike Nelis Geurts steals 2nd base 1-1: Called Strike 1-2: Foul Ball, location: 2F 1-2: Foul Ball, location: 2F 1-2: Foul Ball, location: 2F 1-2: Ground out U3 (Groundball, 34S, EV 85.0 MPH)
|
Bottom of the 4th over - 0 runs, 0 hits, 0 errors, 1 left on base; Cedar Rapids 0 - Greenville 4 |
TOP OF THE 5TH |
Cedar Rapids Kernels batting - Pitching for Greenville Drive : RHP Cody Humphries
|
Batting: RHB Nick Phipps
|
0-0: Ball 1-0: Ball 2-0: Ball 3-0: Called Strike 3-1: Called Strike 3-2: SINGLE (Groundball, 6D, EV 95.0 MPH)
|
Batting: RHB Rick Kendall
|
0-0: Called Strike 0-1: Called Strike 0-2: Hit by Pitch Nick Phipps to second
|
Batting: RHB Aaron Elliott
|
0-0: Ball 1-0: Ball 2-0: SINGLE (Line Drive, 9S, EV 106.2 MPH) Nick Phipps to third Rick Kendall to second
|
Batting: SHB Matt Urbani
|
0-0: Swinging Strike 0-1: Foul Ball, location: 2F 0-2: Strikes out swinging
|
Batting: LHB Jon Ventura
|
0-0: SINGLE (Groundball, 5S, EV 71.9 MPH) (infield hit) Nick Phipps scores Rick Kendall to third Aaron Elliott to second
|
Batting: RHB Ryan Gautney
|
0-0: Grounds into double play, 6-4-3 (Groundball, 6, EV 96.2 MPH)
|
Top of the 5th over - 1 run, 3 hits, 0 errors, 2 left on base; Cedar Rapids 1 - Greenville 4 |
BOTTOM OF THE 5TH |
Greenville Drive batting - Pitching for Cedar Rapids Kernels : RHP Tom Aagaard
|
Batting: LHB Danny Montoya
|
0-0: Ball 1-0: SOLO HOME RUN (Flyball, 9D, EV 108.1 MPH), Distance : 405 ft
|
Pitching: LHP Josh Armstrong
|
|
Batting: LHB John Criswell
|
0-0: Called Strike 0-1: Swinging Strike 0-2: Ball 1-2: Strikes out swinging
|
Batting: RHB Travis Campbell
|
0-0: SINGLE (Groundball, 4M, EV 101.2 MPH) (infield hit)
|
Batting: RHB Adugna Chandu
|
0-0: Ball 1-0: Fielders Choice at 2nd, 6-4 (Groundball, 6M, EV 87.5 MPH)
|
Batting: LHB John Buff
|
0-0: Swinging Strike 0-1: Ball 1-1: Swinging Strike 1-2: Ball 2-2: Strikes out swinging
|
Bottom of the 5th over - 1 run, 2 hits, 0 errors, 1 left on base; Cedar Rapids 1 - Greenville 5 |
TOP OF THE 6TH |
Cedar Rapids Kernels batting - Pitching for Greenville Drive : RHP Cody Humphries
|
Batting: RHB Kevin Harris
|
0-0: Ball 1-0: Swinging Strike 1-1: Called Strike 1-2: Ball 2-2: Ball 3-2: Base on Balls
|
Batting: RHB John Dew
|
0-0: Ball 1-0: Fly out, F7 (Flyball, 78D, EV 83.8 MPH)
|
Batting: RHB Tony Crespo
|
0-0: Ball 1-0: Ball 2-0: Ball 3-0: Called Strike 3-1: Base on Balls Kevin Harris to second
|
Pitching: RHP Victor Escobar
|
|
Batting: RHB Nick Phipps
|
0-0: Swinging Strike 0-1: Swinging Strike 0-2: Strikes out looking
|
Batting: RHB Rick Kendall
|
0-0: SINGLE (Groundball, 56D, EV 93.8 MPH) Kevin Harris to third Tony Crespo to second Runner from 3rd tries for Home, SAFE, throw by LF to home
|
Batting: RHB Aaron Elliott
|
0-0: Ball 1-0: Called Strike 1-1: Called Strike 1-2: Strikes out looking
|
Top of the 6th over - 1 run, 1 hit, 0 errors, 2 left on base; Cedar Rapids 2 - Greenville 5 |
BOTTOM OF THE 6TH |
Greenville Drive batting - Pitching for Cedar Rapids Kernels : LHP Josh Armstrong
|
Batting: RHB Paul Long
|
0-0: Foul Ball, location: 2F 0-1: Ball 1-1: Ball 2-1: Ball 3-1: Base on Balls
|
Batting: RHB Rogelio Cervantes
|
0-0: Called Strike 0-1: Fly out, F8 (Flyball, 8LD, EV 103.1 MPH)
|
Batting: LHB Nelis Geurts
|
0-0: Called Strike 0-1: Ball 1-1: Reached on error, E2 (Groundball, 13S, EV 73.1 MPH) Paul Long to second
|
Batting: LHB Carlos Guerra
|
0-0: Ball 1-0: Ball 2-0: Ball 3-0: Base on Balls Paul Long to third Nelis Geurts to second
|
Batting: LHB Danny Montoya
|
0-0: Fielders Choice at 2nd, 5-4 (Groundball, 56, EV 90.6 MPH) Paul Long scores Nelis Geurts to third
|
Batting: LHB John Criswell
|
0-0: Ball 1-0: Ball 2-0: Ball 3-0: Called Strike 3-1: Base on Balls Danny Montoya to second
|
Batting: RHB Travis Campbell
|
0-0: Foul Ball, location: 2F 0-1: Fielders Choice at 2nd, 6-4 (Groundball, 56, EV 90.0 MPH)
|
Bottom of the 6th over - 1 run, 0 hits, 1 error, 3 left on base; Cedar Rapids 2 - Greenville 6 |
TOP OF THE 7TH |
Cedar Rapids Kernels batting - Pitching for Greenville Drive : RHP Victor Escobar
|
Batting: SHB Matt Urbani
|
0-0: Fly out, F7 (Flyball, 7, EV 82.5 MPH)
|
Batting: LHB Jon Ventura
|
0-0: Ball 1-0: Ball 2-0: Ground out U3 (Groundball, 23, EV 84.4 MPH)
|
Batting: RHB Ryan Gautney
|
0-0: Foul Ball, location: 2F 0-1: Foul Ball, location: 2F 0-2: Fly out, F9 (Flyball, 9, EV 73.8 MPH)
|
Top of the 7th over - 0 runs, 0 hits, 0 errors, 0 left on base; Cedar Rapids 2 - Greenville 6 |
BOTTOM OF THE 7TH |
Greenville Drive batting - Pitching for Cedar Rapids Kernels : LHP Josh Armstrong
|
Pitching: LHP John Pedlar
|
|
Batting: RHB Adugna Chandu
|
0-0: Foul Ball, location: 2F 0-1: Swinging Strike 0-2: Ball 1-2: Fly out, F7 (Flyball, 7D, EV 91.2 MPH)
|
Batting: LHB John Buff
|
0-0: DOUBLE (Line Drive, 78D, EV 101.2 MPH)
|
Batting: RHB Paul Long
|
0-0: Ball 1-0: Called Strike 1-1: 2-RUN HOME RUN (Flyball, 7D, EV 98.8 MPH), Distance : 384 ft
|
Batting: RHB Rogelio Cervantes
|
0-0: Ball 1-0: DOUBLE (Line Drive, 78D, EV 100.0 MPH)
|
Batting: LHB Nelis Geurts
|
0-0: Ball 1-0: Ball 2-0: Ball 3-0: Called Strike 3-1: SINGLE (Flyball, 78M, EV 73.8 MPH) - OUT at second base trying to stretch hit. Rogelio Cervantes scores
|
Batting: LHB Carlos Guerra
|
0-0: Ball 1-0: Called Strike 1-1: Swinging Strike 1-2: Strikes out swinging
|
Bottom of the 7th over - 3 runs, 4 hits, 0 errors, 0 left on base; Cedar Rapids 2 - Greenville 9 |
TOP OF THE 8TH |
Cedar Rapids Kernels batting - Pitching for Greenville Drive : RHP Victor Escobar
|
Pinch Hitting: LHB Antonio Gutierrez
|
0-0: Called Strike 0-1: Ball 1-1: Ball 2-1: Foul Ball, location: 2F 2-2: Hit by Pitch
|
Batting: RHB John Dew
|
0-0: Ball 1-0: Called Strike 1-1: Called Strike 1-2: Ball 2-2: Reached via error on a dropped throw from 1B, E1 (Groundball, 34S, EV 61.2 MPH) Antonio Gutierrez to second
|
Batting: RHB Tony Crespo
|
0-0: Ball 1-0: Swinging Strike 1-1: Swinging Strike 1-2: Fielders Choice at 2nd, 6-4 (Groundball, 6, EV 103.8 MPH) Antonio Gutierrez to third
|
Pinch Hitting: LHB Marshall Daul
|
0-0: Swinging Strike 0-1: Called Strike 0-2: Foul Ball, location: 2F 0-2: Ball 1-2: Fly out, F4 (Line Drive, 4, EV 65.0 MPH)
|
Batting: RHB Rick Kendall
|
0-0: Ball 1-0: Ball 2-0: SINGLE (Groundball, 4MD, EV 107.5 MPH) Antonio Gutierrez scores Tony Crespo to second Runner from 2nd tries for 3rd, SAFE, no throw by CF
|
Batting: RHB Aaron Elliott
|
0-0: Called Strike 0-1: Foul Ball, location: 2F 0-2: Hit by Pitch Rick Kendall to second
|
Batting: SHB Matt Urbani
|
0-0: Ball Wild Pitch! Tony Crespo scores Rick Kendall to third Aaron Elliott to second 1-0: Ground out 4-3 (Groundball, 4, EV 86.9 MPH)
|
Top of the 8th over - 2 runs, 1 hit, 1 error, 2 left on base; Cedar Rapids 4 - Greenville 9 |
BOTTOM OF THE 8TH |
Greenville Drive batting - Pitching for Cedar Rapids Kernels : LHP John Pedlar
|
Now at 1B: Jon Ventura
|
|
Now in LF: Antonio Gutierrez
|
|
Now in RF: Marshall Daul
|
|
Batting: LHB Danny Montoya
|
0-0: Ground out 4-3 (Groundball, 4, EV 81.2 MPH)
|
Batting: LHB John Criswell
|
0-0: Ball 1-0: Foul Ball, location: 2F 1-1: Swinging Strike 1-2: Ball 2-2: Strikes out swinging
|
Batting: RHB Travis Campbell
|
0-0: Swinging Strike 0-1: Fly out, F7 (Flyball, 78M, EV 90.0 MPH)
|
Bottom of the 8th over - 0 runs, 0 hits, 0 errors, 0 left on base; Cedar Rapids 4 - Greenville 9 |
TOP OF THE 9TH |
Cedar Rapids Kernels batting - Pitching for Greenville Drive : RHP Victor Escobar
|
Batting: LHB Jon Ventura
|
0-0: Ball 1-0: Fly out, F8 (Flyball, 8RXD, EV 102.5 MPH)
|
Batting: RHB Ryan Gautney
|
0-0: Ball 1-0: Foul Ball, location: 2F 1-1: Swinging Strike 1-2: Fly out, F7 (Flyball, 7S, EV 88.8 MPH)
|
Batting: LHB Antonio Gutierrez
|
0-0: Ball 1-0: Ground out U3 (Groundball, 3, EV 102.5 MPH)
|
Top of the 9th over - 0 runs, 0 hits, 0 errors, 0 left on base; Cedar Rapids 4 - Greenville 9 |
|